 Dungeon Crawl Stone Soup version 0.27.1-3-gb3d3a73c9e (webtiles) character file.

Game seed: 9564535467749468480

18 MajorAdolf the Caller (level 2, -1/22 HPs)
             Began as a Naga Wanderer on Oct 19, 2021.
             Slain by a hobgoblin (2 damage)
             ... on level 1 of the Dungeon.
             The game lasted 00:02:15 (708 turns).

MajorAdolf the Caller (Naga Wanderer)                Turns: 708, Time: 00:02:15

Health: -1/22      AC:  1    Str: 14    XL:     2   Next: 66%
Magic:  5/5        EV:  9    Int: 13    God:
Gold:   5          SH:  0    Dex:  9    Spells: 5/5 levels left

rFire    . . .     SeeInvis +   c - +0 short sword
rCold    . . .     Faith    .   (no shield)
rNeg     . . .     Spirit   .   b - +0 robe
rPois    +         Reflect  .   (no helmet)
rElec    .         Harm     .   (no cloak)
rCorr    .         Rampage  .   (no gloves)
Will     .....                  (no barding)
Stlth    +.........             (no amulet)
HPRegen  0.07/turn              (no ring)
MPRegen  0.09/turn              (no ring)

@: very slow
A: AC +0, large, see invisible, deformed body, poison resistance, slowness 2,
spit poison 1, naga tail 1
a: Spit Poison


You were on level 1 of the Dungeon.
You visited 1 branch of the dungeon, and saw 1 of its levels.

You collected 5 gold pieces.

Inventory:

Hand Weapons
 a - a +0 club
 c - a +0 short sword (weapon)
Armour
 b - a +0 robe (worn)
Scrolls
 e - 2 scrolls of identify {unknown}
Potions
 d - a potion of invisibility {unknown}


   Skills:
 - Level 1.5 Stealth
 + Level 2.3 Spellcasting
 + Level 1.1 Conjurations
 - Level 3.0 Summonings
 - Level 1.0 Transmutations
 + Level 1.1 Earth Magic
 - Level 2.6 Poison Magic
 - Level 1.0 Evocations


You had 5 spell levels left.
You didn't know any spells.
Your spell library contained the following spells:

 Spells                   Type           Power      Damage    Failure   Level
 Summon Small Mammal      Summ           36%        N/A       7%          1
 Call Imp                 Summ           9%         N/A       11%         2
 Magic Dart               Conj           16%        1d3       16%         1
 Sandblast                Erth           8%         2d5       16%         1
 Call Canine Familiar     Summ           9%         N/A       22%         3
 Blink                    Tloc           N/A        N/A       36%         2
 Slow                     Hex            1%         N/A       36%         2
 Mephitic Cloud           Conj/Pois/Air  4%         N/A       41%         3
 Stone Arrow              Conj/Erth      8%         3d7       43%         3
 Conjure Flame            Conj/Fire      3%         6-21      50%         3


Dungeon Overview and Level Annotations

Branches:
Dungeon (1/15)

Altars:

Shops:
D:1 (


Innate Abilities, Weirdness & Mutations

Your serpentine skin is tough. (AC +0)
You have supernaturally acute eyesight. (SInv)
Armour fits poorly on your strangely shaped body.
Your system is resistant to poisons. (rPois)
You cover ground very slowly.
You can spit poison.
You have a snake-like lower body.


Message History

An endoplasm comes into view.
An endoplasm is nearby!
An endoplasm is nearby!
A hobgoblin comes into view.
You have got your breath back.
The hobgoblin shouts!
The jackal barks!
A goblin comes into view. It is wielding a +0 dagger.
The endoplasm quivers.
Press: ? - help, Shift-Dir - straight line, f - jackal
Aim: a jackal The splash of poison hits the jackal but does no damage.
The jackal is poisoned.
Something unseen opens the door.
Unknown command.
Found 7 gold pieces and a scroll labelled XOHOJO DOCIRCH.
The jackal closely misses you.
You closely miss the jackal.
The jackal is moderately wounded.
The jackal bites you but does no damage.
The jackal barely misses you. The jackal bites you.
The hobgoblin barely misses you.
You closely miss the jackal.
The jackal is severely wounded.
The jackal looks more healthy.
The jackal barely misses you. The hobgoblin hits you.
The jackal barely misses you.
You have got your breath back.
The jackal bites you. The hobgoblin barely misses you. The jackal bites you.
The hobgoblin barely misses you.
You see here a rat corpse.
The endoplasm freezes you.
You are frozen.
The hobgoblin barely misses you. The jackal bites you.
* * * LOW HITPOINT WARNING * * *
The endoplasm closely misses you. The jackal bites you.
* * * LOW HITPOINT WARNING * * *
The jackal bites you.
* * * LOW HITPOINT WARNING * * *
The endoplasm hits you.
* * * LOW HITPOINT WARNING * * *
Unknown command.
The hobgoblin hits you.
You die...

..............##....# #
.?.....#.............##....# #
......$'....)........##....#
.......#.............##....#
......g#.............##....#
.......#..........†..##....#
.......#.............∩.....#
.......#...gg.......###...(###
.........†.Jh@......###....#..
###.....######.............#.#
#.....# #..#######....#.#
####### ##.# #.####.# #.#
#.####.# #.## #....... ..
#..#### #.###... ....#..†..#
#.#..... ....#.....# #.#.....


You could see an endoplasm, a jackal, a hobgoblin and a goblin.

Vanquished Creatures
  A ball python (D:1)
  2 endoplasms (D:1)
  A giant cockroach (D:1)
  3 jackals (D:1)
  2 kobolds (D:1)
  2 quokkas (D:1)
  3 bats (D:1)
  A rat (D:1)
15 creatures vanquished.

Notes
Turn   | Place    | Note
-------+----------+-------------------------------------------
     0 | D:1      | MajorAdolf the Naga Wanderer began the quest for the Orb.
     0 | D:1      | MajorAdolf set off with the following items: a +0 club, a
                  | +0 robe; and the following spells available to memorise:
                  | Summon Small Mammal, Call Imp, Call Canine Familiar, Magic
                  | Dart, Sandblast, Blink, Slow, Mephitic Cloud, Conjure
                  | Flame, Stone Arrow
     0 | D:1      | Reached XP level 1. HP: 15/15 MP: 3/3
   276 | D:1      | Reached XP level 2. HP: 18/22 MP: 5/5
   503 | D:1      | Reached skill level 1 in Conjurations
   526 | D:1      | Reached skill level 1 in Earth Magic
   670 | D:1      | Found Ezxogiq's Weapon Boutique.
   707 | D:1      | HP: 1/22 [endoplasm (2)]
   708 | D:1      | Slain by a hobgoblin

Illustrated notes

Levels and vault maps discovered:
D:1:      dpeg_arrival_orchard, layout_basic, serial_shops, shop

Skill      XL: |  1  2 |
---------------+-------+-----
Conjurations   | 1 |  1.1
Earth Magic    | 1 |  1.1
Stealth        | |  1.5
Spellcasting   | |  2.3
Summonings     | |  3.0
Transmutations | |  1.0
Poison Magic   | |  2.6
Evocations     | |  1.0

Action                   || total
-------------------------++-------
Melee: Short sword       ||    13
       Club              ||     1
 Abil: Spit Poison       ||    19
Armor: Robe              ||     6
Dodge: Dodged            ||    16
